 Dungeon Crawl Stone Soup version 0.26-a0-491-g70697cc071 (webtiles) character file.

Game seed: 2711090929618646816

137 BeastOfSaturn the Slasher (level 5, -16/41 HPs)
             Began as a Demonspawn Warper on Aug 5, 2020.
             Engulfed by Ijyb's freezing vapour (18 damage)
             ... on level 3 of the Dungeon.
             The game lasted 00:03:03 (2969 turns).

BeastOfSaturn the Slasher (Demonspawn Warper)       Turns: 2969, Time: 00:03:03

Health: -16/41     AC: 12    Str: 12    XL:     5   Next: 0%
Magic:  8/8        EV:  9    Int: 15    God:
Gold:   212        SH:  0    Dex: 12    Spells: 8/8 levels left

rFire    . . .     SeeInvis .   a - +0 falchion
rCold    . . .     Faith    .   (no shield)
rNeg     . . .     Spirit   .   j - +0 scale mail
rPois    .         Reflect  .   (no helmet)
rElec    .         Harm     .   (no cloak)
rCorr    .                      (no gloves)
MR       .....                  (no boots)
Stlth    ..........             (no amulet)
HPRegen  0.13/turn              (no ring)
MPRegen  0.11/turn              (no ring)

@: sanguine armour
A: claws 2, demonic guardian 1, sanguine armour 1
a: no special abilities


You were on level 3 of the Dungeon.
You visited 1 branch of the dungeon, and saw 3 of its levels.

You collected 212 gold pieces.

Inventory:

Hand Weapons
 a - a +0 falchion (weapon)
Missiles
 e - 5 boomerangs of dispersal (quivered)
Armour
 b - a +0 leather armour
 j - a +0 scale mail (worn)
Scrolls
 c - a scroll of remove curse
 d - a scroll of blinking
 f - a scroll of identify
 i - 3 scrolls of teleportation {unknown}
 m - a scroll of random uselessness {unknown}
 n - a scroll of immolation {unknown}
Potions
 g - 4 potions of heal wounds
 h - 2 potions of curing
 k - a potion of brilliance {unknown}
 l - a potion of ambrosia {unknown}


   Skills:
 * Level 3.2 Fighting
 * Level 3.6 Long Blades
 - Level 0.8 Throwing
 - Level 0.8 Armour
 * Level 2.4 Dodging
 - Level 2.0 Spellcasting
   Level 2.6 Translocations


You had 8 spell levels left.
You didn't know any spells.
Your spell library contained the following spells:

 Spells                   Type           Power        Failure   Level
 Blink                    Tloc           N/A          52%         2
 Gell's Gravitas          Tloc           #.........   75%         3
 Lesser Beckoning         Tloc           #.........   75%         3
 Teleport Other           Tloc           #.......     75%         3
 Passage of Golubria      Tloc           N/A          98%         4


Dungeon Overview and Level Annotations

Branches:
Dungeon (3/15)

Altars:
Sif Muna
The Shining One

Annotations:
D:3 Ijyb


Innate Abilities, Weirdness & Mutations

You have very sharp fingernails.
A weak demonic guardian rushes to your aid.
When seriously injured, your bleeding wounds create armour. (AC +6)


Message History

You slash Ijyb!
Ijyb is moderately wounded.
You are engulfed in freezing vapours.
Your blood congeals into armour.
Ijyb hits you but does no damage.
You barely miss Ijyb.
Ijyb is moderately wounded.
You are engulfed in freezing vapours.
Ouch! That really hurt!
* * * LOW HITPOINT WARNING * * *
Ijyb zaps a wand.
Ijyb creates a blast of poison gas!
You are too injured to fight recklessly!
You are too injured to fight recklessly!
You are too injured to fight recklessly!
You are too injured to fight recklessly!
Unknown command.
You are too injured to fight recklessly!
You closely miss Ijyb.
Ijyb is moderately wounded.
You are engulfed in freezing vapours.
You die...

### ### #.. ..# ## #.# #.#
##.# #.#####.# ##...#
#####.......#
##.....####........#..##
#.....g@ยงยงยง.###)........
##....5###### #....#..##
##...# #.......# ##.#
##...#### #. ##.###### #
#.# #... #.# #... ##'###...
##...##...


You could see Ijyb and a friendly ufetubus (summoned).

Vanquished Creatures
  An orc wizard (D:3)
  3 adders (D:2)
  3 worms (D:2)
  2 dart slugs (D:2)
  A leopard gecko (D:2)
  3 orcs (D:3)
  3 goblins (D:1)
  4 hobgoblins
  2 jackals (D:2)
  2 kobolds
  A quokka (D:3)
  2 ball pythons
  10 bats
  3 frilled lizards
  4 rats
44 creatures vanquished.

Vanquished Creatures (collateral kills)
  Jessica (D:3)
  An adder (D:3)
  A giant cockroach (D:3)
  3 goblins (D:3)
  A hobgoblin (D:3)
7 creatures vanquished.

Grand Total: 51 creatures vanquished

Notes
Turn   | Place    | Note
-------+----------+-------------------------------------------
     0 | D:1      | BeastOfSaturn the Demonspawn Warper began the quest for the
                  | Orb.
     0 | D:1      | Reached XP level 1. HP: 16/16 MP: 3/3
   435 | D:1      | Found a glowing golden altar of the Shining One.
   451 | D:1      | Gained mutation: When seriously injured, your bleeding
                  | wounds create armour. (AC +6) [demonic ancestry]
   451 | D:1      | Reached XP level 2. HP: 22/22 MP: 5/5
  1085 | D:2      | Gained mutation: You have sharp fingernails. [demonic
                  | ancestry]
  1085 | D:2      | Reached XP level 3. HP: 18/28 MP: 6/6
  1348 | D:2      | Found a shimmering blue altar of Sif Muna.
  2181 | D:2      | Gained mutation: A weak demonic guardian rushes to your
                  | aid. [demonic ancestry]
  2181 | D:2      | Reached XP level 4. HP: 17/35 MP: 7/7
  2414 | D:3      | Noticed Jessica
  2424 | D:3      | Killed Jessica
  2953 | D:3      | Gained mutation: You have very sharp fingernails. [demonic
                  | ancestry]
  2953 | D:3      | Reached XP level 5. HP: 41/41 MP: 8/8
  2961 | D:3      | Noticed Ijyb
  2968 | D:3      | HP: 2/41 [Ijyb] (22)]
  2969 | D:3      | Engulfed by Ijyb's freezing vapour

Illustrated notes

Levels and vault maps discovered:
D:1:      sevenhm_arrival_forest_fort_small_6, layout_loops_ring, tso_metal_star
D:2:      layout_loops_ring, overflow_temple_1_default,
          chequers_serial_rivers_small_b, kennysheep_pointless_box,
          kennysheep_generic_room_4
D:3:      layout_loops_corners, marbit_many_paths, uniq_ijyb, uniq_jessica

Skill      XL: |  1  2  3 |
---------------+----------+-----
Long Blades    | 2 3 |  3.6
Dodging        | 2 |  2.4
Fighting       | 3 |  3.2
Throwing       | |  0.8
Armour         | |  0.8
Spellcasting   | |  2.0
Translocations | |  2.6

Action                   |  1- 3 |  4- 6 || total
-------------------------+-------+-------++-------
Melee: Falchion          |   129 |    56 ||   185
  Use: Scroll            |     3 |     1 ||     4
Armor: Leather armour    |     8 |       ||     8
       Scale mail        |    49 |    47 ||    96
Dodge: Dodged            |    73 |    26 ||    99
       Rpst.: Falchion   |    28 |     7 ||    35

Table legend: (Time is in decaauts)
 A = Elapsed time spent in this place.
 B = Non-inter-level travel time spent in this place.
 C = Inter-level travel time spent in this place.
 D = Time resting spent in this place.
 E = Time spent auto-exploring this place.
 F = Levels seen in this place.
 G = Mean time per level.
                   A        B        C        D        E       F      G
               +--------+--------+--------+--------+--------+-----+--------+
         Total |   3000 |   2949 |     51 |    144 |   2432 |   3 | 1000.0 |
       Dungeon |   3000 |   2949 |     51 |    144 |   2432 |   3 | 1000.0 |
               +--------+--------+--------+--------+--------+-----+--------+

Top non-repeatable levels by time:
     D:2: 1521 daAuts
     D:1: 914 daAuts
     D:3: 564 daAuts
